 Dungeon Crawl Stone Soup version 0.28-a0-684-g30a9fa1a03 (webtiles) character file.

Game seed: 9685327688370092544

49340 Johnny the Fencer (level 14, -9/91 HPs)
             Began as a Human Berserker on Oct 19, 2021.
             Was an Elder of Trog.
             Mangled by a tentacled starspawn (14 damage)
             ... on level 2 of the Abyss.
             The game lasted 00:22:53 (14325 turns).

Johnny the Fencer (Human Berserker)                Turns: 14325, Time: 00:22:53

Health: -9/91      AC: 13    Str: 20      XL:     14   Next: 91%
Magic:  0/14       EV: 20    Int:  6 (8)  God:    Trog [****..]
Gold:   1063       SH:  0    Dex: 15      Spells: 13/13 levels left

rFire   + . .      SeeInvis .   o - +3 scimitar (flame)
rCold   . . .      Faith    .   (no shield)
rNeg    . . .      Spirit   +   e - +3 leather armour {Will+}
rPois   +          Reflect  .   H - +2 helmet "Weodeyseo" {rPois Int+3}
rElec   +          Harm     .   D - +0 cloak
rCorr   .          Rampage  .   y - +0 pair of gloves
Will    ++...      Rage     9%  g - +0 pair of boots "Gobemeif" {rF+ Regen+ Str+3} Stlth +.........Rnd*Tele +
                                n - amulet of guardian spirit
HPRegen 0.00/turn               c - +4 ring of evasion
MPRegen 0.14/turn               k - ring of Xiod {rElec Dex+6}

@: mighty, on berserk cooldown, mildly diseased, slowed, unable to read, very
slow
A: [berserk 3], [clumsy 2], [deformed body], [deterioration 2], [dopey 2],
[frail 2], [screaming 2], [teleportitis 2], [weak 2], [no potion heal 2],
[subdued magic 2], [inability to read while threatened]
a: Renounce Religion, Berserk, Trog's Hand, Brothers in Arms


You were on level 2 of the Abyss.
You worshipped Trog.
Trog was greatly pleased with you.
You visited 2 branches of the dungeon, and saw 15 of its levels.
You visited the Abyss 1 time.

You collected 1063 gold pieces.

Inventory:

Hand Weapons
 a - a +0 falchion
 j - a +1 long sword
 o - a +3 scimitar of flaming (weapon)
Armour
 e - a +3 leather armour of willpower (worn)
 g - the +0 pair of boots "Gobemeif" (worn) {rF+ Regen+ Str+3}
   (You found it on level 4 of the Dungeon)

   Str:       It affects your strength (+3).
   rF:        It protects you from fire.
   Regen:     It increases your rate of health regeneration.
 w - a +3 scale mail of cold resistance
 y - a +0 pair of gloves (worn)
 D - a +0 cloak (worn)
 H - the +2 helmet "Weodeyseo" (worn) {rPois Int+3}
   (You found it on level 1 of the Lair of Beasts)

   Int:       It affects your intelligence (+3).
   rPois:     It protects you from poison.
 K - the +4 plate armour of Haowek {Harm rCorr Int-3}
   (You found it on level 1 of the Lair of Beasts)

   Int:       It affects your intelligence (-3).
   rCorr:     It protects you from acid and corrosion.
   Harm:      It increases damage dealt and taken.
Jewellery
 c - a +4 ring of evasion (left hand)
 k - the ring of Xiod (right hand) {rElec Dex+6}
   (You acquired it on level 2 of the Lair of Beasts)

   [ring of dexterity]

   Dex:       It affects your dexterity (+6).
   rElec:     It insulates you from electricity.
 n - an amulet of guardian spirit (around neck)
Wands
 h - a wand of digging (9)
 q - a wand of flame (26)
 A - a wand of mindburst (9)
 J - a wand of polymorph (6)
 M - a wand of iceblast (6)
 P - a wand of acid (12)
Scrolls
 p - a scroll of silence
 s - a scroll of vulnerability
 t - 2 scrolls of enchant armour
 u - 3 scrolls of fog
 v - a scroll of torment {unknown}
 x - a scroll of fear
 B - 4 scrolls of magic mapping {unknown}
 C - 4 scrolls of amnesia
 E - a scroll of summoning
 F - a scroll of holy word
 G - 3 scrolls of noise
 L - 2 scrolls of immolation
Potions
 b - a potion of resistance {unknown}
 d - 3 potions of attraction
 f - 2 potions of cancellation
 i - a potion of might
 l - a potion of curing
 m - a potion of berserk rage
 r - a potion of heal wounds
 z - a potion of flight {unknown}
 N - a potion of mutation {unknown}
Miscellaneous
 I - a phial of floods
 O - a lightning rod (4/4)


   Skills:
 + Level 11.9 Fighting
 + Level 20.9 Long Blades
 + Level 8.6 Armour
 + Level 8.6 Dodging


You had 13 spell levels left.
You didn't know any spells.
Your spell library was empty.

Dungeon Overview and Level Annotations

Branches:
Dungeon (9/15)             Temple (0/1) D:4            Lair (6/6) D:8
 Shoals (0/4) Lair:3       Spider (0/4) Lair:4        Slime (0/5) Lair:6
    Orc: D:9-12

Altars:
Ashenzari
Elyvilon
Fedhas
Makhleb
Qazlal
The Shining One

Annotations:
D:4 1 runed translucent door, Burgietje's ghost, novice GrFi
D:5 1 transporter, Zigma's ghost, novice OpMo


Innate Abilities, Weirdness & Mutations

[You have an uncontrollable temper.]
[You are very clumsy. (Dex -4)]
[Armour fits poorly on your strangely shaped body.]
[Your body often deteriorates upon taking damage.]
[You are very dopey. (Int -4)]
[You are very frail. (-20% HP)]
[You frequently scream uncontrollably at your foes.]
[You are sometimes teleported next to monsters.]
[You are very weak. (Str -4)]
[Potions cannot restore your health.]
[Your spells are easier to cast, but less powerful.]
[You sometimes lose the ability to read scrolls when taking damage.]


Message History

Really walk into that cloud of seething chaos?
Okay, then.
You start resting.
A starcursed mass is nearby!
You slash the starcursed mass! You burn the starcursed mass.
You destroy the starcursed mass!
Trog accepts your kill.
You can read scrolls again.
You start resting.
You feel a strong urge to attack something.
You start resting.
You are no longer berserk.
You are exhausted.
You feel yourself slow down.
You slice the ettin zombie!! You burn the ettin zombie.
The ettin zombie is moderately damaged.
The ettin zombie hits you!
You feel threatened and lose the ability to read scrolls!
* * * LOW HITPOINT WARNING * * *
The ettin zombie hits you!
* * * LOW HITPOINT WARNING * * *
Your body deteriorates!
You feel dopey.
Okay, then.
You cannot read scrolls in your current state!
Unknown command.
You have no ailments to cure.
You slash the ettin zombie! You burn the ettin zombie.
The ettin zombie is heavily damaged.
You slash the ettin zombie! You burn the ettin zombie.
The ettin zombie is severely damaged.
You slash the tentacled starspawn! You burn the tentacled starspawn.
The tentacled starspawn is lightly damaged.
You cannot read scrolls in your current state!
Unknown command.
You chop the tentacled starspawn into pieces!!!
You burn the tentacled starspawn!
The tentacled starspawn is severely damaged.
The tentacled starspawn bites you but does no damage.
The tentacled starspawn tentacle-slaps you!
You die...

.. ..#
#..
..##.
Z......
###...
.#
##X#.#
.#
#@#Z#..
####X4ยง
.# . . .
..
##.#...
.# # #.
# ## #..
..#. # #
...## ..
. # ##.
. .. . #
##.# #
.. .. .
.


You could see a tentacled starspawn.

Vanquished Creatures
  A tentacled starspawn (Abyss:2)
  Gastronok (Lair:2)
  5 hydras
  3 boulder beetles
  Erica (D:9)
  11 death yaks
  A thrashing horror (Abyss:2)
  A sun demon (Abyss:2)
  An orb spider (Lair:4)
  A necromancer (Lair:2)
  A manticore (Lair:3)
  8 elephants
  A worldbinder (Abyss:2)
  3 black mambas
  Maurice (D:9)
  2 smoke demons
  8 cane toads
  11 komodo dragons
  A freezing wraith (Abyss:2)
  6 rime drakes
  An ancient zyme (Abyss:2)
  5 meliai (Lair:2)
  A polar bear (Lair:1)
  A queen bee (Lair:2)
  A wind drake (Lair:3)
  9 blink frogs
  A flying skull (Abyss:2)
  2 shadows
  6 wyverns
  33 yaks
  4 fire bats
  A chaos spawn (Abyss:2)
  5 basilisks
  Grum (D:8)
  A steam dragon (D:7)
  5 large abominations (Abyss:2)
  9 water moccasins
  An ice beast (D:6)
  2 hornet zombies
  2 black bears
  3 ogres
  13 wolves
  A centaur (D:8)
  A necrophage (D:8)
  17 bullfrogs
  A gnoll sergeant (D:9)
  3 scorpions
  19 killer bees (Lair:2)
  A howler monkey (D:9)
  A starcursed mass (Abyss:2)
  2 centaur zombies
  3 jellies (Lair:6)
  2 bullfrog skeletons
  2 centaur skeletons
  2 gnoll shamans (D:7)
  3 orc priests
  4 hounds
  An iron imp (Abyss:2)
  3 iguanas
  6 orc wizards
  2 yak simulacra (Lair:2)
  3 polar bear simulacra (Lair:2)
  A killer bee zombie (D:8)
  3 wolf simulacra (Lair:2)
  7 small abominations
  A howler monkey zombie (D:9)
  10 gnolls
  8 adders
  A howler monkey skeleton (D:7)
  A shadow imp (D:6)
  A white imp (Abyss:2)
  2 ufetubi
  2 worms
  2 dart slugs
  20 orcs
  9 bats
  4 endoplasms
  4 giant cockroaches
  6 hobgoblins
  4 jackals (D:1)
  5 quokkas
  6 ball pythons
  A frilled lizard (D:3)
  10 goblins
  4 kobolds
  7 rats
  3 river rat simulacra (Lair:2)
374 creatures vanquished.

Vanquished Creatures (collateral kills)
  Harold (D:8)
  2 elephants (Lair:6)
  A meliai (Lair:2)
  A blink frog (Lair:6)
  3 yaks (Lair:2)
  A chaos spawn (Lair:6)
  A wolf (Lair:2)
  3 killer bees (Lair:2)
13 creatures vanquished.

Vanquished Creatures (others)
  A wolf (Lair:6)
  5 fungi
  11 plants
  13 starspawn tentacles (Abyss:2)
30 creatures vanquished.

Grand Total: 417 creatures vanquished

Notes
Turn   | Place    | Note
-------+----------+-------------------------------------------
     0 | D:1      | Johnny the Human Berserker began the quest for the Orb.
     0 | D:1      | Reached XP level 1. HP: 18/18 MP: 1/1
     3 | D:1      | Noticed an electric eel
     4 | D:1      | Noticed an electric eel
    83 | D:1      | Reached XP level 2. HP: 13/24 MP: 2/2
   491 | D:1      | Reached XP level 3. HP: 24/29 MP: 3/3
   782 | D:1      | Found a faded altar of an unknown god.
  1079 | D:2      | Reached ** piety under Trog
  1123 | D:2      | You fall into a shaft and drop 2 floors!
  1134 | D:4      | Reached skill level 4 in Long Blades
  1188 | D:4      | Found a glowing golden altar of the Shining One.
  1194 | D:4      | Noticed an ogre
  1200 | D:4      | Killed an ogre
  1201 | D:4      | Reached XP level 4. HP: 37/37 MP: 4/4
  1201 | D:4      | Reached XP level 5. HP: 42/42 MP: 5/5
  1217 | D:4      | Found a staircase to the Ecumenical Temple.
  1262 | D:4      | Identified the +0 pair of boots "Gobemeif" {rF+ Regen+
                  | Str+3}
  1323 | D:3      | Noticed a black bear
  1327 | D:3      | Killed a black bear
  1328 | D:3      | Reached skill level 5 in Long Blades
  1328 | D:3      | Reached XP level 6. HP: 49/49 MP: 6/6
  1821 | D:2      | Found a stormy altar of Qazlal.
  2604 | D:4      | Noticed a wyvern
  2618 | D:4      | Killed a wyvern
  2619 | D:4      | Reached skill level 6 in Long Blades
  2619 | D:4      | Reached XP level 7. HP: 6/55 MP: 0/7
  2745 | D:4      | Reached skill level 5 in Fighting
  2793 | D:4      | Found a runed translucent door.
  2856 | D:4      | Found a blossoming altar of Fedhas.
  3386 | D:4      | Noticed Burgietje's ghost (novice GrFi)
  3524 | D:5      | Entered Level 5 of the Dungeon
  3593 | D:5      | Noticed Zigma's ghost (novice OpMo)
  3600 | D:5      | Reached *** piety under Trog
  3601 | D:5      | Found a transporter.
  3611 | D:5      | Identified the +7 giant spiked club of Destiny {elec, rElec
                  | rPois}
  3666 | D:5      | Reached skill level 7 in Long Blades
  3677 | D:5      | Reached XP level 8. HP: 54/64 MP: 4/8
  4068 | D:5      | Reached skill level 8 in Long Blades
  4483 | D:6      | Reached skill level 9 in Long Blades
  4493 | D:6      | Reached XP level 9. HP: 71/71 MP: 7/9
  4923 | D:7      | Reached skill level 10 in Long Blades
  5040 | D:7      | Reached **** piety under Trog
  5410 | D:8      | Noticed a boulder beetle
  5456 | D:8      | Killed a boulder beetle
  5457 | D:8      | Reached skill level 11 in Long Blades
  5457 | D:8      | Reached XP level 10. HP: 80/80 MP: 10/10
  5823 | D:8      | Noticed Harold
  5847 | D:8      | Killed Harold
  5848 | D:8      | Reached skill level 12 in Long Blades
  5949 | D:8      | Noticed Grum
  6135 | D:8      | Killed Grum
  6251 | D:8      | Noticed a death yak
  6252 | D:8      | Found a staircase to the Lair.
  6252 | D:8      | Noticed a death yak
  6264 | D:8      | Noticed a death yak
  6271 | D:8      | Killed a death yak
  6273 | D:8      | Noticed a death yak
  6277 | D:8      | Noticed a death yak
  6280 | D:8      | Noticed a death yak
  6283 | D:8      | Noticed a death yak
  6285 | D:8      | Noticed a death yak
  6639 | D:7      | Killed a death yak
  6640 | D:7      | Reached XP level 11. HP: 89/89 MP: 7/11
  6685 | D:7      | Killed a death yak
  6745 | D:8      | Killed a death yak
  6746 | D:8      | Reached skill level 13 in Long Blades
  6813 | D:8      | Found a white marble altar of Elyvilon.
  7149 | D:9      | Noticed Erica
  7162 | D:9      | Killed Erica
  7331 | D:9      | Noticed a six-headed hydra
  7354 | D:9      | Killed a one-headed hydra
  7418 | D:9      | Reached skill level 5 in Armour
  7604 | D:9      | Noticed Maurice
  7627 | D:9      | Killed Maurice
  7628 | D:9      | Reached skill level 5 in Dodging
  7707 | D:9      | Noticed a fire dragon
  7812 | D:8      | Killed a death yak
  7822 | D:8      | Killed a death yak
  7823 | D:8      | Reached skill level 10 in Fighting
  7830 | D:8      | Killed a death yak
  7879 | D:8      | Killed a death yak
  7880 | D:8      | Reached XP level 12. HP: 82/97 MP: 8/12
  7921 | Lair:1   | Entered Level 1 of the Lair of Beasts
  7977 | D:8      | Reached skill level 14 in Long Blades
  8359 | Lair:1   | Identified the +2 helmet "Weodeyseo" {rPois Int+3}
  8550 | Lair:1   | Identified the +4 plate armour of Haowek {Harm rCorr Int-3}
  8592 | Lair:1   | Noticed a seven-headed hydra
  8603 | Lair:1   | Killed a one-headed hydra
  9061 | Lair:2   | Identified 2 scrolls of acquirement
  9064 | Lair:2   | Acquired a manual of Long Blades
  9068 | Lair:2   | Acquired the ring of Xiod {rElec Dex+6}
  9243 | Lair:2   | Reached skill level 15 in Long Blades
  9416 | Lair:2   | Reached skill level 16 in Long Blades
  9416 | Lair:2   | Reached XP level 13. HP: 87/105 MP: 10/13
  9672 | Lair:2   | Reached ***** piety under Trog
  9673 | Lair:2   | Reached skill level 17 in Long Blades
  9736 | Lair:2   | Found a broken altar of Ashenzari.
  9820 | Lair:2   | Reached skill level 18 in Long Blades
 10005 | Lair:2   | Noticed Gastronok
 10032 | Lair:2   | Killed Gastronok
 10033 | Lair:2   | Reached skill level 19 in Long Blades
 10565 | Lair:3   | Noticed a boulder beetle
 10583 | Lair:3   | Killed a boulder beetle
 10762 | Lair:3   | Noticed a seven-headed hydra
 10770 | Lair:3   | Reached skill level 20 in Long Blades
 10773 | Lair:3   | Killed a three-headed hydra
 11116 | Lair:3   | Found a staircase to the Shoals.
 11314 | Lair:3   | Reached XP level 14. HP: 111/111 MP: 14/14
 12103 | Lair:4   | Found a hole to the Spider Nest.
 12607 | Lair:5   | Found a burning altar of Makhleb.
 13367 | Lair:6   | Entered Level 6 of the Lair of Beasts
 13367 | Lair:6   | Found a staircase to the Slime Pits.
 13660 | Lair:6   | Cast into level 2 of the Abyss (spriggan)
 13827 | Abyss:2  | Noticed a lich
 13836 | Abyss:2  | Noticed a tentacled starspawn
 13843 | Abyss:2  | Killed a tentacled starspawn
 13851 | Abyss:2  | Noticed a Hell Sentinel
 14051 | Abyss:2  | Noticed a starcursed mass
 14176 | Abyss:2  | Noticed a starcursed mass
 14184 | Abyss:2  | Noticed a tentacled starspawn
 14256 | Abyss:2  | Noticed a starcursed mass
 14325 | Abyss:2  | Mangled by a tentacled starspawn

Illustrated notes

Levels and vault maps discovered:
D:1:      arrival_aquarium_b, layout_basic,
          shapermc_ecumenical_altar_starsandcircs, grunt_decor_resistance
D:2:      layout_basic, basic_altar, lemuel_flame_loot_1
D:3:      layout_loops_ring, minmay_distorted
D:4:      layout_loops_ring, overflow_temple_1_default, kennysheep_mini_moat,
          minmay_temple_entry_stoned_glass, ebering_ghost_reflecting_pool,
          serial_rivers, chequers_serial_rivers_marsh,
          chequers_serial_rivers_small_a, chequers_serial_rivers_large_b,
          chequers_serial_rivers_micro_d, chequers_serial_rivers_micro_b,
          roderic_malta_cross
D:5:      layout_basic, gammafunk_ghost_smash
D:6:      layout_loops_ring
D:7:      layout_rooms, serial_curves, eino_curves_03, eino_curves_03
D:8:      layout_basic, nicolae_overflow_hidden_temple, dpeg_lair_monsters,
          uniq_grum, uniq_harold
D:9:      dragon1_lemuel, layout_stronghold,
          grunt_temple_overflow_champion_of_chaos, mainiacjoe_overflow_chevrons,
          uniq_maurice, uniq_erica
Lair:1:   layout_regular_city, beast_lair_carwin_7
Lair:2:   regret_index_combs_of_tragedy, layout_chaotic_city, basic_altar,
          nicolae_volcano_entry_batcave, eino_house_with_fridge,
          infiniplex_staircase_pool_2, uniq_gastronok
Lair:3:   layout_small_grid, minmay_shoals_entry_beasts, st_stairs_12,
          grunt_megastairs_1
Lair:4:   layout_cave_pods, nicolae_spider_entry_orb_guardian
Lair:5:   layout_gridlike, basic_altar, wad_woods_road_04, lemuel_fruit_tree
Lair:6:   hellmonk_lair_end_abyssal_woods, layout_layer_cave,
          nicolae_slime_entry_slimehenge, minmay_lindwurm_lava
Abyss:2:  base: Lair:3, hangedman_relentless_pull, hangedman_relentless_pull,
          minivault_4

Skill      XL: |  1  2  3  4  5  6  7  8  9 10 11 12 13 14 |
---------------+-------------------------------------------+-----
Long Blades    | 4 5 6 7 9 11 12 13 16 20 | 20.9
Fighting       | 4 5 6 8 9 10 11 | 11.9
Armour         | 3 5 6 8 |  8.6
Dodging        | 3 5 6 8 |  8.6

Action                   |  1- 3 |  4- 6 |  7- 9 | 10-12 | 13-15 || total
-------------------------+-------+-------+-------+-------+-------++-------
Melee: Falchion          |   114 |   105 |   303 |    34 |       ||   556
       Long sword        |       |       |       |   185 |       ||   185
       Scimitar          |       |       |       |   297 |   580 ||   877
Throw: Throwing net      |       |       |       |     6 |       ||     6
Invok: Berserk           |     3 |     2 |    12 |    18 |    13 ||    48
       Trog's Hand       |       |       |     4 |    11 |    15 ||    30
       Brothers in Arms  |       |       |     1 |     1 |     3 ||     5
Evoke: Wand              |       |       |     8 |       |    12 ||    20
  Use: Scroll            |       |       |       |    12 |    12 ||    24
       Potion            |       |       |       |     7 |     3 ||    10
 Stab: Sleeping          |       |     1 |       |       |       ||     1
       Distracted        |       |       |     1 |       |     1 ||     2
       Held in net/web   |       |       |       |     1 |       ||     1
Armor: Animal skin       |     6 |       |       |       |       ||     6
       Leather armour    |    28 |    30 |    78 |   114 |   121 ||   371
Dodge: Dodged            |   119 |    93 |   210 |   417 |   523 ||  1362

Table legend: (Time is in decaauts)
 A = Elapsed time spent in this place.
 B = Non-inter-level travel time spent in this place.
 C = Inter-level travel time spent in this place.
 D = Time resting spent in this place.
 E = Time spent auto-exploring this place.
 F = Levels seen in this place.
 G = Mean time per level.
                   A        B        C        D        E       F      G
               +--------+--------+--------+--------+--------+-----+--------+
         Total |  14401 |  13999 |    402 |   1607 |   8746 |  16 |  900.1 |
       Dungeon |   8214 |   7981 |    233 |   1077 |   5032 |   9 |  912.7 |
          Lair |   5525 |   5356 |    169 |    444 |   3713 |   6 |  920.8 |
         Abyss |    662 |    662 |      0 |     85 |      0 |   1 |  662.0 |
               +--------+--------+--------+--------+--------+-----+--------+

Top non-repeatable levels by time:
     D:8: 1894 daAuts
  Lair:2: 1470 daAuts
     D:4: 1210 daAuts
     D:1: 1089 daAuts
  Lair:4: 1035 daAuts
  Lair:1: 1008 daAuts
  Lair:3: 931 daAuts
  Lair:5: 804 daAuts
     D:6: 785 daAuts
     D:2: 761 daAuts
     D:7: 673 daAuts
 Abyss:2: 662 daAuts
     D:9: 616 daAuts
     D:5: 613 daAuts
     D:3: 569 daAuts
